 Dungeon Crawl Stone Soup version 0.17-a0-854-g4a4ba72 (webtiles) character file.

99 Sixotanaka the Chopper (level 4, 15/40 HPs)
             Began as a Deep Dwarf Fighter on Apr 28, 2015.
             Got out of the dungeon alive.
             The game lasted 00:04:04 (1359 turns).

Sixotanaka the Chopper (Deep Dwarf Fighter)         Turns: 1359, Time: 00:04:04

Health: 15/40      AC:  6    Str: 21    XL:     4   Next: 45%
Magic:  4/4        EV:  7    Int:  8    God:
Gold:   52         SH:  9    Dex: 12    Spells: 0 memorised, 3 levels left

rFire  . . .     SeeInvis .     a - +0 war axe
rCold  . . .     Clarity  .     b - +0 scale mail
rNeg   . . .     SustAb   .     c - +0 shield
rPois  .         Gourm    .     (no helmet)
rElec  .         Spirit   .     (no cloak)
rCorr  .         Warding  .     (no gloves)
rMut   .         Stasis   .     (no boots)
MR     .....                    k - amulet of inaccuracy (curse)
Stlth  ..........               (no ring)
                                r - -3 ring of slaying (curse)

@: non-regenerating, not resistant to hostile enchantments, extremely unstealthy
A: damage resistance, recharge devices, sense surroundings 1, slow healing 3
a: Device Recharging


You escaped.
You were not hungry.

You visited 1 branch of the dungeon, and saw 2 of its levels.

You collected 52 gold pieces.


Innate Abilities, Weirdness & Mutations

You are resistant to damage.
You can recharge devices by infusing magical energy.
You passively map a small area around you.
You do not heal naturally.


   Skills:
 - Level 2.6 Fighting
 + Level 5.1 Axes
 - Level 3.3 Armour
 - Level 3.3 Shields


You had 3 spell levels left.
You didn't know any spells.

Dungeon Overview and Level Annotations

Branches:
Dungeon (2/15)

Altars:

Inventory:

Hand weapons
 a - a +0 war axe (weapon)
Missiles
 o - 49 stones (quivered)
Armour
 b - a +0 scale mail (worn)
 c - a +0 shield (worn)
Jewellery
 k - a cursed amulet of inaccuracy (around neck)
 r - a cursed -3 ring of slaying (left hand)
Magical devices
 e - a wand of heal wounds (5) {@v2}
Scrolls
 i - 2 scrolls of amnesia
 j - 2 scrolls of identify {@r1}
Potions
 d - a potion of might
 g - a potion of heal wounds {unknown}
 m - a potion of cancellation {unknown}
 n - a potion of haste {unknown}
 q - a potion of poison {unknown}
Comestibles
 f - a bread ration
 h - 3 chunks of flesh
 p - a meat ration

....#..#.............#+#.# #.#
..#.#..#....#####.#......# #.#
..#.#.............+......######.#
..#.#....#..#######.............#
..#.##.............#+#'#.########
#.#................#.#.#.#
#.########...#######.#.#.#
#.##.....#...#.....#.#.#.#
#..#.....'...+..@..#.#.#.#
#..#.....##.##.....#.#+#+######
#..###+####.####'###).........#
#.......##...##...............#
#.......##...##...............#
#..###'####.####'###..........#
#..#.....##.##.....#..........#
#..#..>..'...'.....#..........#
...#.....#...#.....#..........#


There were no monsters in sight!


Message History

The goblin hits you with a club.
You slash the goblin!
You kill the goblin!
You are no longer poisoned.
You see here a club.
k - a dented fluorescent amulet Put on which piece of jewellery? (? for menu, Esc to quit)
Oops, that amulet feels deathly cold.
k - a cursed amulet of inaccuracy (around neck)
Found a dagger.
Found a stone staircase leading up.
You see here a club.
You see here a club.
A bat comes into view.
The bat moves out of view.
A rat comes into view.
You are too injured to fight recklessly!
You are too injured to fight recklessly!
You are too injured to fight recklessly!
You are too injured to fight recklessly!
There are monsters nearby!
You miss the bat. The bat hits you but does no damage.
The bat closely misses you. The bat hits you.
The bat hits you but does no damage. The rat bites you but does no damage.
You miss the rat. You block the rat's attack. You block the bat's attack.
You miss the rat. You miss the bat. The bat hits you but does no damage.
The rat bites you.
* * * LOW HITPOINT WARNING * * *
The bat barely misses you. The rat bites you but does no damage.
You miss the rat. You closely miss the bat. The bat closely misses you.
The rat bites you.
You hit the rat.
You kill the rat!
The bat hits you. You block the bat's attack.
You see here a rat corpse.
You closely miss the bat. The bat barely misses you.
You block the bat's attack. The bat hits you but does no damage.
You block the bat's attack.
You miss the bat. You block the bat's attack.
Your shield prevents you from hitting the bat.
You block the bat's attack.
You miss the bat. You block the bat's attack.
The bat hits you but does no damage. You block the bat's attack.
The bat hits you but does no damage. The bat hits you but does no damage.
The bat hits you but does no damage. The bat barely misses you.
The bat closely misses you. The bat hits you but does no damage.
The bat hits you but does no damage. The bat hits you but does no damage.
You block the bat's attack. The bat hits you but does no damage.
You block the bat's attack. The bat closely misses you.
The bat barely misses you. The bat hits you.
There is a stone staircase leading up here.
The bat hits you but does no damage.
You climb upwards.
There is a stone staircase leading down here.
There is an open door here.
You open the door.
There is an open door here.
There is an open door here.
There is a staircase leading out of the dungeon here.
Are you sure you want to leave the Dungeon?
This will make you lose the game!
You have escaped!

Action                   |  1- 3 |  4- 6 || total
-------------------------+-------+-------++-------
Melee: War axe           |   163 |    57 ||   220
Throw: Stone             |    24 |       ||    24
  Use: Scroll            |       |     3 ||     3
  Eat: Chunk             |     1 |     1 ||     2

Vault maps used:
D:1:      dpeg_arrival_houses_and_road
D:2:      minmay_splitting_lines, grunt_ministairs_2

Notes
Turn   | Place    | Note
--------------------------------------------------------------
     0 | D:1      | Sixotanaka, the Deep Dwarf Fighter, began the quest for the Orb.
     0 | D:1      | Reached XP level 1. HP: 20/20 MP: 1/1
   143 | D:1      | Reached XP level 2. HP: 27/27 MP: 2/2
   154 | D:1      | Reached skill level 3 in Axes
   540 | D:1      | Reached XP level 3. HP: 24/33 MP: 3/3
   857 | D:1      | Reached skill level 4 in Axes
  1072 | D:2      | Reached XP level 4. HP: 21/40 MP: 4/4
  1201 | D:2      | Reached skill level 5 in Axes
  1359 | D:$      | Got out of the dungeon alive.

Vanquished Creatures
  4 adders
  An ooze (D:2)
  2 ball pythons (D:2)
  A giant cockroach (D:2)
  9 hobgoblins
  9 jackals
  A quokka (D:2)
  9 bats
  A giant newt (D:2)
  9 goblins
  5 kobolds (D:1)
  7 rats
58 creatures vanquished.
